 Dungeon Crawl Stone Soup version 0.25-a0-294-gea9b1ad378 (webtiles) character file.

Game seed: 8352599002264792209, levelgen mode: deterministic

226 Redear the Skirmisher (level 5, 0/43 HPs)
             Began as a Mummy Monk on Dec 19, 2019.
             Killed from afar by an orc wizard (6 damage)
             ... with a puff of frost
             ... on level 4 of the Dungeon.
             The game lasted 00:06:02 (3178 turns).

Redear the Skirmisher (Mummy Monk)                  Turns: 3178, Time: 00:06:03

Health: 0/43       AC:  1    Str: 14    XL:     5   Next: 69%
Magic:  5/5        EV: 14    Int: 10    God:
Gold:   129        SH:  0    Dex: 15    Spells: 4/4 levels left

rFire    x . .     SeeInvis .     - Unarmed
rCold    + . .     Gourm    .   (no shield)
rNeg     + + +     Faith    .   (no armour)
rPois    ∞         Spirit   .   (no helmet)
rElec    .         Reflect  .   (no cloak)
rCorr    .         Harm     .   b - +0 pair of gloves
MR       .....                  (no boots)
Stlth    ++........             (no amulet)
HPRegen  0.14/turn              (no ring)
MPRegen  0.09/turn              (no ring)

@: no status effects
A: no food or potions, fire vulnerability, cold resistance 1, negative energy
resistance 3, torment resistance, unbreathing
a: no special abilities


You were on level 4 of the Dungeon.
You were not hungry.

You visited 1 branch of the dungeon, and saw 4 of its levels.

You collected 129 gold pieces.

Inventory:

Armour
 b - a +0 pair of gloves (worn)
Wands
 g - a wand of disintegration (5)
Scrolls
 e - 6 scrolls of identify {unknown}
 f - a scroll of blinking {unknown}
 N - a scroll of remove curse {@r2}


   Skills:
 + Level 4.4 Fighting
 + Level 3.6 Dodging
 - Level 1.5 Stealth
 + Level 3.6 Unarmed Combat


You had 4 spell levels left.
You didn't know any spells.
Your spell library was empty.

Dungeon Overview and Level Annotations

Branches:
Dungeon (5/15)
 Temple: D:4-7

Altars:
Kikubaaqudgha

Annotations:
D:4 1 runed translucent door, Crazy Yiuf
D:5 exclusion: ice beast, Grinder


Innate Abilities, Weirdness & Mutations

You do not eat or drink.
Your flesh is vulnerable to fire.
You are immune to poison.
Your flesh is cold resistant. (rC+)
You are immune to negative energy. (rN+++)
You are immune to unholy pain and torment.
You can survive without breathing.


Message History

Unknown command.
As you read the scroll labeled YWUD NUHEHIAVO, it crumbles to dust.
You feel blessed for a moment.
It was a scroll of remove curse.
N - a scroll of remove curse Something hits you.
* * * LOW HITPOINT WARNING * * *
You take 2 damage, and have 8/43 hp.
As you read the scroll labeled IPRESTIUHU, it crumbles to dust.
You feel aware of your surroundings.
You sensed 1 altar.
It was a scroll of magic mapping.
Something hits you.
* * * LOW HITPOINT WARNING * * *
Something hits you but does no damage.
You take 2 damage, and have 6/43 hp.
As you read the scroll labeled JOYFUE UMEPSIR, it crumbles to dust.
You assume a fearsome visage.
The orc looks frightened! x2
It was a scroll of fear.
You hear some strange, mumbled words.
A puff of frost appears from out of thin air!
The puff of frost hits you. You resist.
You die...

##*****#..#**,** *,,,* *,**
***,,,,,,** *,,* *,,,* *,*
*,,,****,* **,***####,,,* **,*
*,***,,,,* *,,,,,..#,,,# *,,* ,,*
*,<,,* ******#.#,,.# *,**
*****,,,,* ##o##.#####,*
,,,,,,,,,* ####.........%,*
*****,,,** ####..{.o...#####**
*,,,*####...@########
*#*****###....#### #######
,...,,##...#### ##...##.
,.....#%.###### ##.......
,.............###########........
,.....#######......<.............
*####*******#######..............
******,,,,,,,,,.....######.......
,,,,,,,********###### ##...##.


You could see 2 orcs.

Vanquished Creatures
  A howler monkey (D:4)
  A crimson imp (D:5)
  A bullfrog skeleton (D:5)
  3 worker ants
  An adder (D:5)
  A shadow imp (D:5)
  A dart slug (D:1)
  3 leopard geckos (D:1)
  A ball python (D:1)
  3 giant cockroaches
  4 goblins
  A hobgoblin (D:1)
  3 jackals
  A quokka (D:5)
  2 bats
  2 kobolds (D:1)
  A quokka skeleton (D:4)
  2 rats (D:1)
32 creatures vanquished.

Notes
Turn   | Place    | Note
-------+----------+-------------------------------------------
     0 | D:1      | Redear the Mummy Monk began the quest for the Orb.
     0 | D:1      | Reached XP level 1. HP: 18/18 MP: 1/1
   317 | D:1      | Reached XP level 2. HP: 24/24 MP: 2/2
   875 | D:2      | Reached XP level 3. HP: 27/29 MP: 3/3
   910 | D:2      | You fall into a shaft and drop 2 floors!
   924 | D:4      | Noticed an ogre
  1073 | D:5      | Entered Level 5 of the Dungeon
  1222 | D:5      | Noticed an ice beast
  1252 | D:4      | Reached skill level 3 in Dodging
  1252 | D:4      | Reached skill level 3 in Unarmed Combat
  1530 | D:5      | Reached XP level 4. HP: 9/37 MP: 4/4
  1819 | D:5      | Found an ancient bone altar of Kikubaaqudgha.
  1847 | D:5      | Reached skill level 4 in Fighting
  1993 | D:5      | Reached XP level 5. HP: 18/42 MP: 5/5
  2660 | D:5      | Noticed Grinder
  2679 | D:4      | Found a runed translucent door.
  2680 | D:4      | Noticed Crazy Yiuf
  3178 | D:4      | Killed from afar by an orc wizard

Levels and vault maps discovered:
D:1:      wander_arrival_fairy_ring, layout_loops_ring
D:2:      layout_basic, makhleb_altar_promises_db,
          nicolae_dithmenos_through_a_glass_darkly
D:4:      layout_rooms, lightli_temple_of_fire, uniq_duvessa,
          uniq_crazy_yiuf_cottage
D:5:      layout_loops_ring, overflow_temple_1_default, first_ration,
          roderic_serpentine_path, moated_statue,
          chequers_serial_rivers_small_3, uniq_grinder

Skill      XL: |  1  2  3  4 |
---------------+-------------+-----
Dodging        | 3 |  3.6
Unarmed Combat | 3 |  3.6
Fighting       | 4 |  4.4
Stealth        | |  1.5

Action                   |  1- 3 |  4- 6 || total
-------------------------+-------+-------++-------
Melee: Unarmed           |   105 |   116 ||   221
       Punch             |     2 |     6 ||     8
  Use: Scroll            |     1 |     5 ||     6
 Stab: Sleeping          |     3 |     1 ||     4
Armor: Skin              |     8 |     6 ||    14
Dodge: Dodged            |    81 |    71 ||   152

Table legend:
 A = Non-vault XP
 B = Vault XP
 C = Vault XP percentage of total XP
 D = Non-vault monster count
 E = Vault monster count
 F = Vault count percentage of total count
                 A         B        C        D         E       F
            +---------+---------+-------+---------+---------+-------
      Total |     323 |       0 |   0.0 |      32 |       0 |   0.0
            +---------+---------+-------+---------+---------+-------
        D:1 |      37 |       0 |   0.0 |      18 |       0 |   0.0
        D:2 |       4 |       0 |   0.0 |       2 |       0 |   0.0
        D:4 |      90 |       0 |   0.0 |       4 |       0 |   0.0
        D:5 |     192 |       0 |   0.0 |       8 |       0 |   0.0
            +---------+---------+-------+---------+---------+-------
